 Dungeon Crawl Stone Soup version 0.22.1-1-ga44c0e56f4 (webtiles) character file.

82092 Nebulos the Eclecticist (level 15, -11/85 HPs)
             Began as a Deep Elf Fire Elementalist on Sept 21, 2018.
             Was a High Priest of Vehumet.
             Mangled by an entropy weaver (14 damage)
             ... on level 4 of the Lair of Beasts.
             The game lasted 01:44:41 (24133 turns).

Nebulos the Eclecticist (DEFE)                     Turns: 24133, Time: 01:44:42

Health: -11/85     AC: -22   Str:  8    XL:     15   Next: 28%
Magic:  41/41      EV: 17    Int: 27    God:    Vehumet [*****.]
Gold:   1408       SH:  0    Dex: 17    Spells: 5/54 levels left

rFire    + + +     SeeInvis .   T - +6 great mace of Earthquakes {drain, +Blink rF+++ Str+3 Dex+2}
rCold    x . .     Gourm    .   (shield currently unavailable)
rNeg     . . .     Faith    .   C - +2 troll leather armour
rPois    .         Spirit   .   (no helmet)
rElec    .         Reflect  .   F - +0 cloak {+Inv}
rCorr    .         Harm     .   y - +0 pair of gloves
MR       +....                  (no boots)
Stlth    ++........             g - amulet of the acrobat
HPRegen  1.64/turn              j - ring of wizardry
MPRegen  0.27/turn              n - ring of fire

@: corroded, very slightly contaminated, regenerating, invisible (expiring)
A: robust 1, screaming 1, wild magic 1
a: Renounce Religion, Evoke Blink


You were on level 4 of the Lair of Beasts.
You worshipped Vehumet.
Vehumet was extremely pleased with you.
You were near starving.

You visited 3 branches of the dungeon, and saw 21 of its levels.

You collected 1640 gold pieces.
You spent 232 gold pieces at shops.

Inventory:

Hand Weapons
 A - a +2 hand axe of electrocution
 T - the +6 great mace of Earthquakes (weapon) {drain, +Blink rF+++ Str+3 Dex+2}
   (You took it off a two-headed ogre on level 10 of the Dungeon)

   A truly terrible weapon, it drains the life of those it strikes.
   It affects your strength (+3).
   It affects your dexterity (+2).
   It renders you almost immune to fire.
   It lets you blink.
Armour
 p - the +1 scale mail of Parlour Games {rF+ Int+5}
   (You took it off Joseph on level 9 of the Dungeon)

   It affects your intelligence (+5).
   It protects you from fire.
 y - a +0 pair of gloves (worn)
 C - a +2 troll leather armour (worn)
 F - a +0 cloak of invisibility (worn)
 U - a +2 buckler of reflection
Jewellery
 a - an uncursed ring of poison resistance
 g - an amulet of the acrobat (around neck)
 j - a ring of wizardry (left hand)
 n - a ring of fire (right hand)
 t - an uncursed amulet of harm
 w - an uncursed ring of protection from magic
Wands
 q - a wand of iceblast (36)
 s - a wand of digging (48)
 E - a wand of polymorph (24)
 I - a wand of disintegration (10)
 J - a wand of paralysis (8)
 V - a wand of enslavement (30)
 W - a wand of flame (28)
 X - a wand of scattershot (4)
Scrolls
 b - 4 scrolls of teleportation
 e - a scroll of fog
 f - a scroll of magic mapping
 i - 6 scrolls of identify
 l - 8 scrolls of remove curse
 m - 2 scrolls of amnesia
 r - a scroll of fear
 D - 2 scrolls of enchant weapon
 G - 2 scrolls of enchant armour
 N - a scroll of summoning
 Y - a scroll of holy word
Potions
 d - 5 potions of agility
 h - 2 potions of lignification
 k - 6 potions of brilliance
 v - 3 potions of flight
 x - 2 potions of berserk rage
 z - a potion of might
 B - 2 potions of haste
 M - a potion of curing
 Q - a potion of invisibility
 R - a potion of resistance
Miscellaneous
 o - a phial of floods
 u - a lamp of fire
 K - 2 phantom mirrors
 L - a lightning rod (4/4)
 O - a crystal ball of energy
 P - a fan of gales
Comestibles
 c - 27 rations


   Skills:
 - Level 3.0 Fighting
   Level 0.3 Short Blades
 + Level 4.0 Armour
 + Level 8.8 Dodging
 - Level 2.4 Stealth
 + Level 20.2 Spellcasting
 + Level 14.2 Conjurations
 + Level 0.1 Hexes
 + Level 0.7 Charms
 + Level 3.4 Summonings
 * Level 8.1 Necromancy
 + Level 0.1 Translocations
 + Level 12.1 Fire Magic
 + Level 1.1 Ice Magic
 + Level 0.4 Air Magic
 + Level 0.2 Poison Magic
 - Level 7.0 Evocations


You had 5 spell levels left.
You knew the following spells:

 Your Spells              Type           Power        Failure   Level  Hunger
a - Flame Tongue          Conj/Fire      #####        1%          1    None
b - Conjure Flame         Conj/Fire      ########     1%          3    None
c - Sticky Flame          Conj/Fire      ########     1%          4    None
d - Fireball              Conj/Fire      ########..   1%          5    None
e - Mephitic Cloud        Conj/Pois/Air  ######..     1%          3    None
f - Bolt of Fire          Conj/Fire      ########..   1%          6    #......
g - Slow                  Hex            #####...     2%          2    None
h - Summon Guardian Gole  Hex/Summ       #####...     2%          3    None
i - Regeneration          Chrm/Necr      ######....   1%          3    None
j - Freezing Cloud        Conj/Ice/Air   ######....   6%          6    #......
k - Bolt of Draining      Conj/Necr      #######...   1%          5    None
l - Shroud of Golubria    Chrm/Tloc      #####.....   1%          2    None
m - Blink                 Tloc           N/A          2%          2    None
n - Fulminant Prism       Conj/Hex       ######....   1%          4    None

Your spell library contained the following spells:

 Spells                   Type           Power        Failure   Level  Hunger
 Poison Arrow             Conj/Pois      ######....   3%          6    #......
 Apportation              Tloc           #####.       1%          1    None
 Infusion                 Chrm           ####         1%          1    None
 Magic Dart               Conj           ####         1%          1    None
 Summon Butterflies       Summ           ######..     1%          1    None
 Call Imp                 Summ           ######..     1%          2    None
 Poisonous Vapours        Pois/Air       #####.       1%          2    None
 Searing Ray              Conj           ######       1%          2    None
 Song of Slaying          Chrm           #####...     1%          2    None
 Throw Flame              Conj/Fire      ######       1%          2    None
 Throw Frost              Conj/Ice       ######       1%          2    None
 Dazzling Spray           Conj/Hex       ######       1%          3    None
 Inner Flame              Hex/Fire       #######.     1%          3    None
 Force Lance              Conj/Tloc      ######..     1%          4    None
 Iskenderun's Mystic Bla  Conj           #######.     1%          4    None
 Throw Icicle             Conj/Ice       ######..     1%          4    None
 Spectral Weapon          Hex/Chrm       #####...     3%          3    None
 Lesser Beckoning         Tloc           #####.....   4%          3    None
 Tukima's Dance           Hex            #####...     4%          3    None
 Alistair's Intoxication  Tmut/Pois      #####...     28%         5    None
 Simulacrum               Ice/Necr       ######....   24%         6    #......
 Ring of Flames           Chrm/Fire      #######...   52%         7    ####...
 Invisibility             Hex            #####...     78%         6    #......


Dungeon Overview and Level Annotations

Branches:
Dungeon (15/15)            Temple (1/1) D:7            Lair (5/6) D:11
 Shoals (0/4) Lair:3        Snake (0/4) Lair:4          Orc (0/2) D:10
 Vaults (0/5) D:13         Depths (0/5) D:15
  Slime: Lair:5-6

Altars:
Ashenzari
Cheibriados
Dithmenos
Elyvilon
Fedhas
Gozag
Hepliaklqana
Kikubaaqudgha
Makhleb
Nemelex Xobeh
Okawaru
Qazlal
Ru
Sif Muna
Trog
Uskayaw
Vehumet
Wu Jian
Xom
Yredelemnul
Zin
The Shining One
Beogh

Shops:
D:7 [   D:8 [   D:13 %   D:15 :}(%

Annotations:
D:15 exclusion: Roxanne, Roxanne


Innate Abilities, Weirdness & Mutations

You are robust. (+10% HP)
You occasionally shout uncontrollably at your foes.
Your spells are a little harder to cast, but a little more powerful.


Message History

The entropy weaver is severely wounded.
The entropy weaver seems less drained.
The entropy weaver barely misses you. The entropy weaver misses you.
The entropy weaver completely misses you.
The entropy weaver hits you. x2; The entropy weaver barely misses you.
The entropy weaver hits you. x2
You hit the fungus but do no damage.
You feel less invigorated.
You feel less confused.
The entropy weaver casts a spell.
The entropic weave corrodes you! The entropy weaver hits you.
The entropy weaver barely misses you. The entropy weaver hits you!
* * * LOW HITPOINT WARNING * * *
The entropy weaver hits you!
* * * LOW HITPOINT WARNING * * *
You feel better.
You flicker for a moment.
The entropy weaver hits you!
* * * LOW HITPOINT WARNING * * *
The entropy weaver hits you!
You die...

### ### ## ##########
#####P########P.
P####PP.#..#P#####..#P...#.#.P...
..............................>..
.................................
....#..#P.##.#....###............
....#.#######..#.#.##...)........
...............a@................
..P..P#..#...#.P.................
.................(...............
.#P........####...#..#...#...##P.
#...........##....P...####.#####.
.................................
####..#.#.##.##..#..#..#)#...#.#.
###.......P..#P.###......##.#.###
.....................##.##.......


You could see an entropy weaver.

Vanquished Creatures
  Agnes (D:14)
  An entropy weaver (Lair:5)
  The ghost of brittlin the Cleaver, a journeyman HOFi of Makhleb (D:14)
  Azrael (D:14)
  Snorg (Lair:3)
  Josephine (D:14)
  4 hydras
  Harold (D:7)
  3 vault guards (D:13)
  A centaur warrior (D:13)
  A catoblepas (D:13)
  A death knight (D:15)
  The ghost of raetorn the Grappler, a novice TrMo of Makhleb (D:10)
  An ogre mage (D:11)
  7 two-headed ogres
  2 death yaks (Lair:2)
  2 tengu warriors (D:14)
  2 deep troll earth magi (D:11)
  Nergalle (Lair:4)
  6 unseen horrors
  An orc knight (D:15)
  5 wizards
  2 necromancers
  3 wolf spider zombies
  5 cyclopes
  An orc sorcerer (D:15)
  4 oklob plants (Lair:3)
  The ghost of Riddle the Digger, a novice GnEE of Dithmenos (D:4)
  3 manticores
  2 deep elf magi
  The ghost of Valentain the Covert, a novice SpEn (D:8)
  5 elephants (Lair:4)
  2 centaur zombies
  Joseph (D:9)
  2 black mambas
  4 centaur skeletons
  2 naga magi (D:15)
  A torpor snail (Lair:2)
  2 gargoyles
  5 spiny frogs
  An efreet (D:15)
  A rime drake (Lair:3)
  6 komodo dragons
  A yaktaur (D:13)
  A freezing wraith (D:11)
  7 trolls
  2 polar bears (Lair:3)
  3 meliai (D:15)
  A harpy skeleton (D:15)
  2 hornets
  A queen bee (D:8)
  12 slime creatures
  5 dream sheep (Lair:1)
  8 blink frogs
  9 hippogriffs
  A centaur simulacrum (D:15)
  12 spriggans (Lair:2)
  6 wraiths
  A shadow (D:15)
  17 humans
  13 yaks
  5 wyverns
  2 fire elementals (D:14)
  3 basilisks
  4 vampire mosquitoes (D:12)
  3 hungry ghosts
  A warg (D:15)
  2 steam dragons
  Edmund (D:5)
  4 soldier ants
  4 nagas (Lair:4)
  5 acid dragons
  11 water moccasins
  3 hell hounds
  Duvessa (D:4)
  6 porcupines
  A black bear (D:9)
  4 sky beasts
  5 ice beasts
  6 orc warriors
  A hornet zombie (D:15)
  7 ogres
  3 phantoms
  A necrophage (D:7)
  14 centaurs
  4 wolves (Lair:1)
  9 crocodiles
  A big kobold (D:11)
  A gnoll sergeant (D:10)
  9 bullfrogs
  Dowan (D:4)
  3 scorpions
  69 killer bees
  5 wights
  6 jellies
  7 crimson imps
  12 howler monkeys
  5 orc priests
  3 hounds
  5 bullfrog skeletons
  12 orc wizards
  Ijyb (D:5)
  2 iguanas
  20 worker ants
  A hound skeleton (D:5)
  A howler monkey zombie (D:10)
  11 gnolls
  A howler monkey skeleton (D:4)
  9 adders
  A shadow imp (D:12)
  An ooze (D:1)
  An adder skeleton (D:4)
  2 worms (D:2)
  3 dart slugs
  4 leopard geckos
  37 orcs
  3 bats
  4 giant cockroaches
  7 goblins
  7 hobgoblins
  9 jackals
  7 quokkas
  A ball python (D:4)
  7 frilled lizards
  11 kobolds
  2 leopard gecko skeletons
  3 rats
  2 bushes (D:14)
  A fungus (Lair:2)
  4 plants
613 creatures vanquished.

Vanquished Creatures (collateral kills)
  A slime creature (D:14)
  A dream sheep (Lair:1)
  A fire elemental (D:14)
  An orc warrior (D:10)
  A worker ant (D:10)
5 creatures vanquished.

Vanquished Creatures (others)
  A slime creature (D:14)
  A fulminant prism (Lair:3)
  2 fungi
  8 plants
12 creatures vanquished.

Grand Total: 630 creatures vanquished

Notes
Turn   | Place    | Note
-------+----------+-------------------------------------------
     0 | D:1      | Nebulos the Deep Elf Fire Elementalist began the quest for
                  | the Orb.
     0 | D:1      | Reached XP level 1. HP: 10/10 MP: 6/6
   133 | D:1      | Reached XP level 2. HP: 8/15 MP: 1/8
   777 | D:2      | Reached XP level 3. HP: 16/19 MP: 5/10
   857 | D:2      | Learned a level 3 spell: Conjure Flame
   890 | D:2      | Reached skill level 4 in Spellcasting
  1078 | D:2      | Reached XP level 4. HP: 13/24 MP: 1/12
  1243 | D:2      | Reached skill level 5 in Spellcasting
  1576 | D:3      | Found a hazy altar of Hepliaklqana.
  1642 | D:3      | Reached XP level 5. HP: 21/28 MP: 5/14
  1883 | D:3      | Found a sacrificial altar of Ru.
  2796 | D:3      | Found a faded altar of an unknown god.
  2971 | D:4      | Found a shattered altar of Ashenzari.
  2991 | D:4      | Learned a level 4 spell: Sticky Flame
  2997 | D:4      | Learned a level 5 spell: Fireball
  3000 | D:4      | Noticed Dowan
  3044 | D:4      | Reached skill level 6 in Spellcasting
  3044 | D:4      | Reached XP level 6. HP: 28/32 MP: 11/17
  3065 | D:4      | Noticed Edmund
  3113 | D:5      | Entered Level 5 of the Dungeon
  3141 | D:5      | Killed Edmund
  3382 | D:5      | Reached skill level 7 in Spellcasting
  3472 | D:5      | Noticed Riddle's ghost (novice GnEE)
  3482 | D:5      | Found a runed gate.
  3502 | D:5      | Noticed Ijyb
  3504 | D:5      | Found a runed gate.
  3505 | D:5      | Found a runed gate.
  3508 | D:5      | Killed Ijyb
  3508 | D:5      | Reached XP level 7. HP: 36/36 MP: 8/19
  3922 | D:4      | Killed Riddle's ghost
  3922 | D:4      | Reached skill level 8 in Spellcasting
  3922 | D:4      | Reached skill level 5 in Conjurations
  3922 | D:4      | Reached skill level 5 in Fire Magic
  3922 | D:4      | Reached XP level 8. HP: 14/42 MP: 0/22
  4122 | D:5      | Learned a level 3 spell: Mephitic Cloud
  4600 | D:4      | Noticed Duvessa
  4601 | D:4      | Killed Dowan
  4628 | D:4      | Reached skill level 9 in Spellcasting
  4645 | D:4      | Killed Duvessa
  4789 | D:4      | Found a basalt altar of Yredelemnul.
  4789 | D:4      | Found a glowing silver altar of Zin.
  4795 | D:4      | Found a bloodstained altar of Trog.
  4796 | D:4      | Found a snail-covered altar of Cheibriados.
  5014 | D:4      | Found a transporter.
  5017 | D:4      | Found a transporter.
  5017 | D:4      | Found a glowing golden altar of the Shining One.
  5018 | D:4      | Found an opulent altar of Gozag.
  5117 | D:4      | Found a deep blue altar of Sif Muna.
  5349 | D:6      | Found a radiant altar of Vehumet.
  5366 | D:6      | Reached skill level 10 in Spellcasting
  5650 | D:6      | Became a worshipper of Vehumet
  5722 | D:6      | Reached skill level 1 in Fighting
  6111 | D:6      | Found a hide-covered altar of Uskayaw.
  6309 | D:7      | Found Figok's Antique Armour Emporium.
  6317 | D:7      | Bought a glowing cloak for 232 gold pieces
  6332 | D:7      | Reached skill level 11 in Spellcasting
  6332 | D:7      | Reached XP level 9. HP: 47/47 MP: 14/26
  6342 | D:7      | Noticed Harold
  6584 | D:7      | Found a glowing golden altar of the Shining One.
  6649 | D:7      | Found a staircase to the Ecumenical Temple.
  6658 | Temple   | Entered the Ecumenical Temple
  6803 | D:7      | Killed Harold
  7280 | D:7      | Reached skill level 12 in Spellcasting
  8003 | D:8      | Reached * piety under Vehumet
  8003 | D:8      | Offered knowledge of Freeze by Vehumet.
  8003 | D:8      | Noticed a queen bee
  8238 | D:8      | Noticed a two-headed ogre
  8246 | D:8      | Found an ancient bone altar of Kikubaaqudgha.
  8364 | D:8      | Noticed a komodo dragon
  8370 | D:8      | Killed a komodo dragon
  8370 | D:8      | Reached XP level 10. HP: 26/52 MP: 14/28
  8654 | D:8      | Killed a two-headed ogre
  8654 | D:8      | Reached skill level 5 in Dodging
  8654 | D:8      | Reached skill level 13 in Spellcasting
  8919 | D:8      | Found a runed gate.
  8921 | D:8      | Found a runed gate.
  8922 | D:8      | Found a runed gate.
  8923 | D:8      | Found the +15 Maxwell's patent armour {-Cast -Tele rElec
                  | MR+ rCorr}
  8925 | D:8      | Found an opulent altar of Gozag.
  8926 | D:8      | Noticed Valentain's ghost (novice SpEn)
  8955 | D:8      | Killed Valentain's ghost
  8976 | D:8      | Found Pungopt's Antique Armour Shop.
  9109 | D:9      | Noticed Joseph
  9480 | D:9      | Offered knowledge of Shock by Vehumet.
  9482 | D:9      | Reached ** piety under Vehumet
  9607 | D:9      | Killed Joseph
  9610 | D:9      | Got a faintly humming scale mail
  9621 | D:9      | Identified the +1 scale mail of Parlour Games {rF+ Int+5}
                  | (You took it off Joseph on level 9 of the Dungeon)
 10023 | D:10     | Entered Level 10 of the Dungeon
 10047 | D:10     | Reached skill level 10 in Conjurations
 10220 | D:10     | Reached skill level 14 in Spellcasting
 10227 | D:10     | Noticed a gargoyle
 10235 | D:10     | Killed a gargoyle
 10245 | D:10     | Reached XP level 11. HP: 37/56 MP: 6/31
 10578 | D:10     | Noticed a two-headed ogre
 10581 | D:10     | Killed a two-headed ogre
 10581 | D:10     | Offered knowledge of Dazzling Spray by Vehumet.
 10585 | D:10     | Learned a level 2 spell: Call Imp
 10616 | D:10     | Found a staircase to the Orcish Mines.
 10626 | D:10     | Reached *** piety under Vehumet
 10628 | D:10     | Found a roughly hewn altar of Beogh.
 10805 | D:10     | Reached skill level 1 in Armour
 10813 | D:10     | Reached skill level 5 in Evocations
 10907 | D:10     | Learned a level 2 spell: Slow
 11001 | D:10     | Noticed a two-headed ogre
 11005 | D:10     | Noticed raetorn's ghost (novice TrMo)
 11031 | D:10     | Found a transporter.
 11263 | D:10     | Found a transporter.
 11512 | D:10     | Offered knowledge of Olgreb's Toxic Radiance by Vehumet.
 11755 | D:11     | Noticed a two-headed ogre
 11757 | D:11     | Killed a two-headed ogre
 11984 | D:11     | Reached skill level 1 in Summonings
 12150 | D:11     | Noticed an ogre mage
 12261 | D:11     | Reached skill level 15 in Spellcasting
 12272 | D:11     | Killed an ogre mage
 12481 | D:11     | Noticed a deep troll earth mage
 12485 | D:11     | Killed a deep troll earth mage
 12674 | D:11     | Reached **** piety under Vehumet
 12750 | D:11     | Offered knowledge of Ignite Poison by Vehumet.
 12934 | D:11     | Found a staircase to the Lair.
 13125 | D:11     | Noticed a deep troll earth mage
 13128 | D:11     | Killed a deep troll earth mage
 13227 | D:11     | Reached XP level 12. HP: 62/62 MP: 17/33
 13365 | D:12     | Noticed a two-headed ogre
 13369 | D:12     | Killed a two-headed ogre
 13458 | D:12     | Reached skill level 16 in Spellcasting
 13971 | D:13     | Noticed a centaur warrior
 13973 | D:13     | Killed a centaur warrior
 14328 | D:13     | Gained mutation: You occasionally shout uncontrollably at
                  | your foes. [potion of mutation]
 14328 | D:13     | Gained mutation: Your spells are a little harder to cast,
                  | but a little more powerful. [potion of mutation]
 14328 | D:13     | Gained mutation: You are robust. (+10% HP) [potion of
                  | mutation]
 14482 | D:13     | Reached skill level 17 in Spellcasting
 14488 | D:13     | Noticed a vault guard
 14647 | D:13     | Noticed a vault guard
 14647 | D:13     | Noticed a vault guard
 14684 | D:13     | Reached ***** piety under Vehumet
 14710 | D:13     | Offered knowledge of Bolt of Fire by Vehumet.
 14873 | D:13     | Killed a vault guard
 14903 | D:13     | Killed a vault guard
 15016 | D:13     | Reached XP level 13. HP: 73/73 MP: 26/36
 15124 | D:13     | Reached skill level 10 in Fire Magic
 15160 | D:13     | Reached skill level 18 in Spellcasting
 15311 | D:13     | Found a gate to the Vaults.
 15348 | D:13     | Learned a level 6 spell: Bolt of Fire
 15591 | D:13     | Found Wossegusu's Food Emporium.
 15914 | D:14     | Noticed Josephine
 16097 | D:12     | Learned a level 3 spell: Regeneration
 16104 | D:12     | Learned a level 6 spell: Freezing Cloud
 16171 | D:14     | Noticed Azrael
 16180 | D:14     | Killed Azrael
 16289 | D:14     | Found a blossoming altar of Fedhas.
 16299 | D:14     | Noticed Agnes
 16302 | D:14     | Killed Agnes
 16302 | D:14     | Reached skill level 1 in Ice Magic
 16310 | D:14     | Killed Josephine
 16500 | D:14     | Offered knowledge of Bolt of Draining by Vehumet.
 16507 | D:14     | Learned a level 5 spell: Bolt of Draining
 16757 | D:14     | Found a runed gate.
 16757 | D:14     | Found a runed gate.
 16758 | D:14     | Found a runed gate.
 16759 | D:14     | Noticed brittlin's ghost (journeyman HOFi)
 16901 | D:10     | Killed raetorn's ghost
 16903 | D:10     | Reached skill level 1 in Necromancy
 16925 | D:10     | Identified the +6 great mace of Earthquakes {drain, +Blink
                  | rF+++ Str+3 Dex+2} (You took it off a two-headed ogre on
                  | level 10 of the Dungeon)
 16935 | D:10     | Identified the +1 great mace of Distant Worlds {crush, +Inv
                  | rPois Str+3 Int-3} (You took it off a two-headed ogre on
                  | level 10 of the Dungeon)
 17986 | D:14     | Killed brittlin's ghost
 17986 | D:14     | Reached XP level 14. HP: 53/79 MP: 14/38
 18044 | D:15     | Entered Level 15 of the Dungeon
 18044 | D:15     | Found Xaos's Weapon Shoppe.
 18070 | D:15     | Reached skill level 19 in Spellcasting
 18195 | D:15     | Found Obotain's Food Boutique.
 18298 | D:15     | Found Qumeij's Gadget Shop.
 18342 | D:15     | Noticed Roxanne
 19078 | D:15     | Reached skill level 5 in Necromancy
 19218 | D:15     | Found a staircase to the Depths.
 19294 | D:15     | Found Oddu's Book Shop.
 19315 | D:15     | Learned a level 2 spell: Shroud of Golubria
 19318 | D:15     | Learned a level 2 spell: Blink
 19649 | Lair:1   | Entered Level 1 of the Lair of Beasts
 19756 | Lair:1   | Offered knowledge of Ozocubu's Refrigeration by Vehumet.
 22071 | Lair:3   | Offered knowledge of Iron Shot by Vehumet.
 22333 | Lair:3   | Learned a level 4 spell: Fulminant Prism
 22334 | Lair:3   | Found a staircase to the Shoals.
 22493 | Lair:3   | Noticed Snorg
 22495 | Lair:3   | Killed Snorg
 22636 | Lair:3   | Reached XP level 15. HP: 85/85 MP: 31/40
 22918 | Lair:3   | Identified the Catalogue of the Ensnaring Frostbite
 22928 | Lair:3   | Learned a level 3 spell: Summon Guardian Golem
 22975 | Lair:4   | Reached skill level 20 in Spellcasting
 23211 | Lair:4   | Noticed Nergalle
 23215 | Lair:4   | Killed Nergalle
 23745 | Lair:4   | Found a staircase to the Snake Pit.
 24088 | Lair:5   | Offered knowledge of Poison Arrow by Vehumet.
 24122 | Lair:4   | HP: 2/85 [entropy weaver (5)]
 24133 | Lair:4   | HP: 3/85 [entropy weaver (15)]
 24133 | Lair:4   | Mangled by an entropy weaver

Skill      XL: |  1  2  3  4  5  6  7  8  9 10 11 12 13 14 15 |
---------------+----------------------------------------------+-----
Dodging        | 3 4 5 6 7 8 |  8.8
Spellcasting   | 4 5 6 7 8 11 12 14 15 17 18 19 20 | 20.2
Conjurations   | 2 3 4 5 6 8 10 11 12 13 14 | 14.2
Fire Magic     | 4 5 6 7 8 9 10 11 12 | 12.1
Fighting       | 1 2 3 |  3.0
Evocations     | 3 4 5 6 7 |  7.0
Armour         | 2 3 4 |  4.0
Summonings     | 1 3 |  3.4
Ice Magic      | 1 |  1.1
Necromancy     | 3 7 8 |  8.1
Short Blades   | |  0.3
Stealth        | |  2.4
Hexes          | |  0.1
Charms         | |  0.7
Translocations | |  0.1
Air Magic      | |  0.4
Poison Magic   | |  0.2

Action                   |  1- 3 |  4- 6 |  7- 9 | 10-12 | 13-15 || total
-------------------------+-------+-------+-------+-------+-------++-------
Melee: Short sword       |       |    22 |    23 |       |       ||    45
       Hand axe          |       |       |    49 |   120 |    40 ||   209
       Great mace        |       |       |       |       |    91 ||    91
 Cast: Flame Tongue      |    68 |    96 |    81 |    45 |    13 ||   303
       Sticky Flame      |       |     6 |    16 |    50 |    77 ||   149
       Fireball          |       |     3 |    37 |   148 |    68 ||   256
       Conjure Flame     |       |     1 |     6 |    10 |     2 ||    19
       Mephitic Cloud    |       |       |     1 |     2 |     2 ||     5
       Call Imp          |       |       |       |    10 |    23 ||    33
       Bolt of Fire      |       |       |       |       |   145 ||   145
       Bolt of Draining  |       |       |       |       |    11 ||    11
       Freezing Cloud    |       |       |       |       |     7 ||     7
       Regeneration      |       |       |       |       |     4 ||     4
       Slow              |       |       |       |       |     1 ||     1
       Blink             |       |       |       |       |     1 ||     1
       Fulminant Prism   |       |       |       |       |     1 ||     1
 Abil: Evoke Invisibilit |       |       |       |     2 |     4 ||     6
       Evoke Blink       |       |       |       |       |     3 ||     3
Evoke: Wand              |       |       |       |       |     1 ||     1
  Use: Scroll            |     6 |       |     3 |    15 |    12 ||    36
       Potion            |       |     9 |     6 |     5 |     8 ||    28
 Stab: Sleeping          |       |     1 |     2 |       |     2 ||     5
       Confused          |       |       |       |     1 |       ||     1
  Eat: Chunk             |       |     5 |    13 |    19 |    24 ||    61
       Ration            |       |     1 |     2 |     3 |     3 ||     9
Armor: Robe              |     3 |     6 |    14 |       |       ||    23
       Leather armour    |     1 |       |       |     5 |       ||     6
       Troll leather arm |       |       |       |    25 |    77 ||   102
Dodge: Dodged            |    18 |    50 |   120 |   206 |   538 ||   932
Block: Buckler           |       |       |       |       |    15 ||    15
